Map: Hard Lead LE

Players

SubN - Winner!

  • Race: Zerg Zerg
  • League: Diamond
  • Spawn Location: 5:00

chromatic

  • Race: Protoss Protoss
  • League: Platinum
  • Spawn Location: 11:00

VOD

Have the link to the VOD?

Description

Time

  • Played on: Dec. 31, 2023, 4:05 p.m.
  • Length: 11:06
Show
View Real Time Build Order
Export as new Build Order

SubN Zerg - Winner!

Build Orders: 3 Hatch before Pool 

Get SALT Encoding   

  12  0:00  Drone  
  13  0:12  Overlord  
  13  0:16  Drone  
  14  0:30  Drone x2  
  16  0:48  Hatchery  
  15  0:55  Drone  
  16  1:15  Hatchery  
  15  1:19  Drone  
  15  1:20  Drone  
  15  1:24  Drone  
  18  1:34  Extractor  
  17  1:40  Spawning Pool  
  17  1:43  Drone  
  17  1:47  Drone  
  17  1:52  Drone  
  19  2:01  Overlord  
  19  2:08  Drone  
  20  2:16  Drone x2  
  20  2:22  Drone  
  23  2:25  Drone  
  23  2:27  Queen  
  26  2:32  Queen  
  28  2:40  Queen  
  30  2:46  Metabolic Boost  
  30  2:49  Drone  
  31  2:51  Drone  
  31  2:53  Drone  
  31  2:56  Drone  
  31  2:57  Drone  
  35  3:00  Drone  
  35  3:02  Drone  
  35  3:04  Drone  
  38  3:08  Overlord  
  38  3:13  Overlord  
  38  3:17  Overlord  
  38  3:23  Queen  
  38  3:25  Drone  
  38  3:26  Drone  
  42  3:28  Drone  
  42  3:30  Drone  
  42  3:33  Drone x2  
  46  3:35  Drone  
  46  3:40  Zergling x6  
  50  3:45  Drone x3  
  53  3:52  Drone x5  
  58  3:56  Drone  
  58  4:01  Drone  
  60  4:03  Drone  
  61  4:10  Drone  
  61  4:13  Drone  
  61  4:14  Drone  
  61  4:16  Queen  
  66  4:18  Extractor  
  66  4:19  Extractor  
  66  4:20  Drone x2  
  66  4:24  Drone, Extractor  
  65  4:26  Overlord  
  65  4:28  Overlord  
  65  4:31  Overlord  
  66  4:32  Overlord  
  66  4:47  Evolution Chamber  
  66  4:49  Evolution Chamber  
  66  4:51  Roach Warren  
  63  4:53  Drone  
  63  4:57  Lair  
  63  4:58  Drone x3  
  63  4:59  Queen  
  69  5:00  Drone  
  69  5:01  Drone x4  
  69  5:02  Drone  
  69  5:03  Drone x3  
  69  5:04  Drone  
  79  5:07  Extractor  
  78  5:18  Hatchery  
  77  5:22  Drone x3  
  77  5:23  Drone  
  77  5:26  Zergling x10  
  77  5:27  Zergling x4, Extractor  
  87  5:30  Zerg Missile Weapons Level 1  
  87  5:32  Zerg Melee Weapons Level 1  
  87  5:36  Drone  
  87  5:38  Queen  
  87  5:41  Drone x2  
  87  5:42  Drone  
  93  5:53  Spore Crawler  
  92  5:58  Glial Reconstitution, Spire  
  91  6:05  Roach  
  91  6:06  Roach x2  
  91  6:08  Overlord x7, Spore Crawler  
  91  6:09  Overlord x3  
  96  6:12  Drone  
  96  6:13  Baneling Nest  
  96  6:14  Queen  
  98  6:23  Overseer  
  98  6:25  Overseer  
  98  6:26  Queen  
  100  6:35  Ravager x3  
  100  6:37  Roach x9  
  123  6:54  Roach  
  123  6:55  Roach x10  
  123  7:00  Queen  
  145  7:07  Overlord x4, Infestation Pit  
  144  7:10  Centrifugal Hooks  
  144  7:13  Overlord x2  
  144  7:15  Overseer x2  
  130  7:39  Mutalisk x4  
  116  7:53  Roach x4  
  116  7:54  Roach x7  
  130  8:01  Zerg Flyer Weapons Level 1  
  130  8:06  Zergling x8  
  130  8:07  Zergling x14  
  130  8:10  Ravager x2  
  143  8:14  Ravager  
  143  8:15  Drone x2  
  143  8:19  Drone x2, Extractor  
  147  8:28  Mutalisk x2  
  147  8:30  Zergling x2  
  147  8:33  Drone x11  
  163  8:39  Extractor  
  162  8:46  Ravager  
  162  8:47  Ravager x3  
  166  8:49  Zergling x12  
  172  9:03  Drone x4  
  172  9:04  Drone x2  
  172  9:06  Drone  
  179  9:25  Baneling x2  
  179  9:26  Zergling x2, Baneling x16  
  179  9:27  Zergling x28  
  179  9:30  Mutalisk  
  179  9:31  Mutalisk x2  
  196  9:35  Overlord x2  
  148  10:14  Mutalisk  
  148  10:15  Mutalisk x7  
  152  10:25  Hatchery  
  138  10:31  Roach  
  138  10:32  Roach x14  
  138  10:33  Roach  
  170  10:44  Zergling x2  
  170  10:45  Zergling x10  
Show
View Real Time Build Order
Export as new Build Order

chromatic Protoss 

Build Orders: 1 Gate Expand, Archon Immortal 

Get SALT Encoding   

  12  0:00  Probe  
  13  0:12  Probe  
  14  0:20  Pylon  
  14  0:24  Probe  
  15  0:38  Probe (Chrono Boost)  
  15  0:39  Gateway  
  16  0:49  Probe (Chrono Boost), Assimilator  
  17  0:54  Probe (Chrono Boost)  
  18  1:04  Probe (Chrono Boost)  
  19  1:13  Probe (Chrono Boost)  
  20  1:24  Nexus  
  20  1:36  Cybernetics Core  
  20  1:38  Probe  
  21  1:45  Pylon  
  21  1:50  Probe  
  22  1:54  Assimilator  
  22  2:02  Probe  
  23  2:10  Adept (Chrono Boost)  
  23  2:14  Warp Gate  
  23  2:15  Probe  
  26  2:25  Gateway  
  26  2:27  Probe (Chrono Boost)  
  27  2:33  Sentry  
  29  2:37  Probe (Chrono Boost)  
  31  2:45  Probe (Chrono Boost)  
  31  2:47  Probe (Chrono Boost)  
  33  2:52  Probe (Chrono Boost)  
  33  2:54  Robotics Facility  
  33  2:55  Probe  
  33  2:57  Adept  
  36  3:04  Probe (Chrono Boost)  
  37  3:09  Probe (Chrono Boost)  
  37  3:10  Pylon  
  38  3:16  Adept  
  42  3:20  Probe (Chrono Boost)  
  42  3:21  Probe (Chrono Boost)  
  42  3:27  Probe  
  42  3:30  Probe  
  42  3:31  Stalker  
  46  3:39  Probe  
  47  3:46  Observer  
  47  3:48  Nexus  
  48  3:50  Probe  
  48  3:52  Pylon  
  49  4:01  Stalker  
  49  4:02  Probe (Chrono Boost)  
  53  4:05  Probe (Chrono Boost)  
  53  4:09  Observer  
  54  4:12  Probe (Chrono Boost), Stalker  
  54  4:15  Probe (Chrono Boost)  
  58  4:17  Probe (Chrono Boost)  
  58  4:19  Assimilator  
  58  4:21  Pylon, Assimilator  
  59  4:25  Probe  
  60  4:32  Gateway  
  60  4:33  Gateway  
  60  4:35  Probe  
  60  4:37  Probe  
  62  4:44  Zealot x2  
  66  4:47  Probe  
  66  4:49  Probe, Twilight Council  
  68  4:59  Probe  
  69  5:01  Probe  
  69  5:02  Probe  
  69  5:04  Observer  
  71  5:11  Probe  
  71  5:13  Probe  
  73  5:14  Probe  
  73  5:15  Forge  
  73  5:18  Pylon  
  74  5:23  Pylon, Probe  
  74  5:25  Probe  
  74  5:27  Probe  
  77  5:34  Charge (Chrono Boost)  
  77  5:35  Zealot x4  
  85  5:36  Probe  
  85  5:38  Probe  
  85  5:39  Probe  
  88  5:44  Templar Archives  
  88  5:46  Forge  
  88  5:48  Immortal, Probe  
  88  5:49  Pylon  
  93  5:56  Zealot  
  95  5:57  Zealot x3  
  101  6:07  Probe  
  102  6:17  Assimilator  
  102  6:21  Pylon, Assimilator  
  102  6:22  Pylon  
  102  6:23  Probe x3  
  102  6:25  Pylon x2  
  105  6:27  Gateway  
  105  6:28  Gateway  
  105  6:33  Nexus  
  105  6:35  Probe x2  
  107  6:40  Probe  
  107  6:42  Zealot x2  
  107  6:46  Psionic Storm  
  113  6:47  Probe x2  
  113  6:48  High Templar x2  
  113  6:50  Immortal  
  113  6:52  Probe  
  122  6:58  Protoss Ground Armor Level 1 (Chrono Boost)  
  122  6:59  Probe x2  
  124  7:04  High Templar x2  
  124  7:06  Protoss Ground Weapons Level 1 (Chrono Boost), Archon  
  128  7:11  Pylon  
  128  7:12  Probe  
  128  7:13  Pylon, Probe x2  
  131  7:24  Probe  
  131  7:25  Probe  
  131  7:28  Gateway  
  131  7:29  Gateway, Archon  
  130  7:31  Gateway, Zealot x4  
  130  7:32  Observer (Chrono Boost)  
  128  7:39  Zealot x2  
  112  7:44  Probe x3  
  112  7:45  Probe  
  98  7:56  Probe (Chrono Boost), Zealot  
  98  7:57  Probe (Chrono Boost), Zealot x2  
  98  7:58  Probe x2 (Chrono Boost)  
  99  8:09  Probe x2 (Chrono Boost)  
  103  8:14  Immortal (Chrono Boost), Probe x2 (Chrono Boost), High Templar x3  
  103  8:16  Probe x2 (Chrono Boost)  
  103  8:18  High Templar x3  
  121  8:21  Probe x2  
  123  8:30  High Templar  
  123  8:31  Robotics Facility  
  123  8:33  Gateway  
  123  8:34  Probe  
  126  8:37  Stalker x2, Assimilator  
  126  8:38  Probe x3  
  126  8:39  Assimilator  
  133  8:46  Probe  
  134  8:49  High Templar x2  
  134  8:50  Probe, Zealot  
  134  8:51  Zealot x3  
  147  8:59  Immortal  
  151  9:13  Probe  
  151  9:14  Probe x2, High Templar  
  151  9:15  High Templar, Zealot x4  
  151  9:16  Zealot  
  168  9:18  Archon  
  168  9:19  Archon  
  168  9:21  Immortal  
  172  9:32  Pylon  
  172  9:35  Pylon  
  172  9:37  Pylon x2  
  172  9:40  Pylon  
  170  9:58  Zealot x6  
  133  10:11  Probe x4  
  127  10:14  Immortal x2  
  127  10:18  Zealot  
  127  10:19  Zealot x5  
  124  10:23  Probe  
  124  10:27  Probe x3  
  117  10:39  Stalker x4  
  119  10:46  Probe  
  119  10:47  Probe x3  
  122  10:55  Gateway  
  121  10:58  Gateway  
  121  11:00  Gateway  
  121  11:01  Gateway  
Tags
 
Add a new tag
Caveats
  • Supply blocks, unpowered buildings, or Contaminate may cause inaccurate times.
  • Supply counts are checked every 10 seconds.